 Dungeon Crawl Stone Soup version 0.28.0-53-g5a82cb258f (webtiles) character file.

Game seed: 13571676758433944815

840 bnorton916 the Magician (level 7, -5/36 HPs)
             Began as a Deep Elf Fire Elementalist on May 21, 2022.
             Slain by a sky beast (6 damage)
             ... on level 6 of the Dungeon.
             The game lasted 00:07:38 (7761 turns).

bnorton916 the Magician (DEFE)                      Turns: 7761, Time: 00:07:39

Health: -5/36      AC:  4    Str:  5    XL:     7   Next: 67%
Magic:  13/19      EV: 12    Int: 22    God:
Gold:   285        SH:  0    Dex: 15    Spells: 19/20 levels left

rFire   + . .      SeeInvis .   m - +1 dagger (venom)
rCold   + . .      Faith    .   (no shield)
rNeg    . . .      Spirit   .   v - +1 robe {rC+ rF+}
rPois   .          Reflect  .   o - +1 hat
rElec   .          Harm     .   (no cloak)
rCorr   .          Rampage  .   (no gloves)
Will    .....                   (no boots)
Stlth   ++........              (no amulet)
HPRegen 0.12/turn               (no ring)
MPRegen 0.16/turn               (no ring)

@: no status effects
A: no striking features
a: no special abilities


You were on level 6 of the Dungeon.
You visited 1 branch of the dungeon, and saw 6 of its levels.

You collected 285 gold pieces.

Inventory:

Hand Weapons
 f - a +0 short sword of speed
 m - a +1 dagger of venom (weapon)
 y - a +0 falchion of holy wrath
 D - a +4 spear
Missiles
 d - 157 stones
 h - 12 poisoned darts
Armour
 a - a +0 robe
 o - a +1 hat (worn)
 v - a +1 robe of resistance (worn)
 A - a +3 leather armour of willpower
Jewellery
 i - a ring of magical power
 n - a +4 ring of protection
 q - an amulet of the acrobat
Wands
 E - a wand of iceblast (14)
Scrolls
 b - 2 scrolls of teleportation
 j - 2 scrolls of fog {unknown}
 k - a scroll of enchant weapon
 s - a scroll of amnesia {unknown}
 t - a scroll of enchant armour
 x - a scroll of vulnerability {unknown}
 z - a scroll of summoning {unknown}
Potions
 c - 3 potions of heal wounds
 e - a potion of brilliance {unknown}
 g - a potion of flight {unknown}
 l - 2 potions of attraction
 p - 5 potions of curing
 r - a potion of resistance {unknown}
 u - a potion of degeneration {unknown}
 w - a potion of lignification {unknown}
 B - a potion of might {unknown}
 C - a potion of magic {unknown}


   Skills:
 + Level 1.5 Armour
 - Level 2.4 Dodging
 - Level 2.4 Stealth
 + Level 7.0 Spellcasting
 + Level 5.2 Conjurations
 + Level 6.2 Fire Magic


You had 19 spell levels left.
You knew the following spells:

 Your Spells              Type           Power      Damage    Failure   Level
a - Foxfire               Conj/Fire      100%       2x1d9     1%          1

Your spell library contained the following spells:

 Spells                   Type           Power      Damage    Failure   Level
 Scorch                   Fire           70%        2d9       1%          2
 Conjure Flame            Conj/Fire      33%        6-21      2%          3
 Inner Flame              Hex/Fire       21%        N/A       7%          3
 Flame Wave               Conj/Fire      33%        2d8       8%          4


Dungeon Overview and Level Annotations

Branches:
Dungeon (6/15)
 Temple: D:4-7

Altars:
Kikubaaqudgha
Wu Jian
Xom

Shops:
D:2 *[   D:4 [


Message History

Confirm with . or Enter, or press ? or * to list all spells.
You conjure some foxfire!
The water moccasin zombie bites you. The sky beast hits you.
The sky beast shocks you.
The water moccasin zombie barely misses you.
The foxfire hits the sky beast.
The sky beast is heavily wounded.
The foxfire hits the water moccasin zombie!
The water moccasin zombie is almost destroyed.
The sky beast hits you but does no damage.
The water moccasin zombie bites you.
Casting: Foxfire (safe; 1% risk of failure)
Confirm with . or Enter, or press ? or * to list all spells.
You conjure some foxfire!
The sky beast hits you but does no damage.
The water moccasin zombie bites you.
The foxfire hits the sky beast.
The sky beast is severely wounded.
The foxfire hits the sky beast.
The sky beast is almost dead.
The water moccasin zombie barely misses you.
The sky beast barely misses you.
Casting: Foxfire (safe; 1% risk of failure)
Confirm with . or Enter, or press ? or * to list all spells.
You conjure some foxfire!
The water moccasin zombie bites you.
The sky beast hits you but does no damage.
The foxfire hits the sky beast.
The sky beast is almost dead.
The foxfire hits the sky beast.
The sky beast is almost dead.
The water moccasin zombie bites you but does no damage.
The sky beast hits you. The sky beast shocks you.
* * * LOW HITPOINT WARNING * * *
The water moccasin zombie bites you.
* * * LOW HITPOINT WARNING * * *
Casting: Foxfire (safe; 1% risk of failure)
Confirm with . or Enter, or press ? or * to list all spells.
You conjure some foxfire!
The sky beast hits you.
* * * LOW HITPOINT WARNING * * *
The sky beast shocks you.
You die...

.. #.........# .z
#.........# z.
#.........# .. .
#.........# ..
..##.........### ..
................ ..
#.#...vZ........ ..
.#.##...@Y....##. ..
....#..#.v....... ..
#####....##)#.......
..#....#...##..#...
#######...##.......#.....
........#.(........#.....
#........##........#.....
#........###..........#..
#..................#..##.


You could see a sky beast (ally target) and a water moccasin zombie (ally
target).

Vanquished Creatures
  Eustachio (D:5)
  2 ice beasts
  A kobold brigand (D:5)
  A scorpion (D:5)
  2 hounds
  3 iguanas
  Natasha (D:2)
  2 hound skeletons
  4 adders
  3 gnolls (D:5)
  4 ufetubi
  2 adder skeletons (D:2)
  3 worms
  2 dart slugs
  10 orcs
  13 ball pythons
  A bat skeleton (D:2)
  A bat zombie (D:2)
  4 endoplasms
  2 giant cockroaches
  7 goblins
  3 hobgoblins
  4 jackals
  11 kobolds
  4 quokkas (D:2)
  4 bats
  A frilled lizard (D:1)
  11 rats
107 creatures vanquished.

Vanquished Creatures (collateral kills)
  5 foxfires
5 creatures vanquished.

Vanquished Creatures (others)
  590 foxfires
  4 withered plants (D:2)
594 creatures vanquished.

Grand Total: 706 creatures vanquished

Notes
Turn   | Place    | Note
-------+----------+-------------------------------------------
     0 | D:1      | bnorton916 the Deep Elf Fire Elementalist began the quest
                  | for the Orb.
     0 | D:1      | Reached XP level 1. HP: 10/10 MP: 6/6
   309 | D:1      | Found a faded altar of an unknown god.
   315 | D:1      | Reached XP level 2. HP: 15/15 MP: 4/8
  1814 | D:2      | Reached XP level 3. HP: 19/19 MP: 7/10
  1837 | D:2      | Found Ijopn's General Store.
  1845 | D:2      | Found Daigium's Antique Armour Emporium.
  2029 | D:2      | Reached skill level 4 in Spellcasting
  2259 | D:2      | Reached XP level 4. HP: 24/24 MP: 9/12
  3260 | D:3      | Noticed Natasha
  3283 | D:2      | HP: 1/24 [Natasha (2)]
  3284 | D:2      | Killed Natasha
  3797 | D:3      | Reached XP level 5. HP: 28/28 MP: 11/14
  3872 | D:3      | Found an ornate altar of the Wu Jian Council.
  3873 | D:3      | Found a shimmering altar of Xom.
  4156 | D:3      | Reached skill level 5 in Spellcasting
  5104 | D:5      | Entered Level 5 of the Dungeon
  5215 | D:4      | Found Pegih's Antique Armour Emporium.
  5282 | D:5      | Reached skill level 5 in Fire Magic
  5512 | D:5      | Noticed an ice beast
  5522 | D:5      | Killed an ice beast
  5523 | D:5      | Reached XP level 6. HP: 32/32 MP: 10/16
  5672 | D:5      | Noticed Eustachio
  5723 | D:5      | Killed Eustachio
  5724 | D:5      | Reached skill level 6 in Spellcasting
  5793 | D:5      | Reached XP level 7. HP: 35/36 MP: 13/18
  6611 | D:5      | Reached skill level 1 in Armour
  7101 | D:5      | Reached skill level 5 in Conjurations
  7452 | D:5      | Found an ancient bone altar of Kikubaaqudgha.
  7690 | D:6      | Reached skill level 7 in Spellcasting
  7761 | D:6      | HP: 1/36 [sky beast (3)]
  7761 | D:6      | Slain by a sky beast

Illustrated notes

Levels and vault maps discovered:
D:1:      zelgadis_glass_arrival_small, layout_basic,
          nicolae_ecumenical_snake_handling
D:2:      layout_loops_cross, serial_shops, shop, shop, serial_undead,
          serial_undead_c, serial_undead_b, serial_undead_e, serial_undead_c,
          serial_undead_f, serial_undead_b, serial_undead_d, serial_undead_b,
          serial_undead_a, serial_undead_b, minmay_tetromino_o4
D:3:      minmay_general_purpose_star, layout_basic, nicolae_overflow_squiral,
          uniq_natasha
D:4:      layout_basic, serial_shops, nicolae_shop_behind_doors
D:5:      layout_basic, kennysheep_little_box, uniq_eustachio
D:6:      layout_rooms, minmay_misc_feat_square, kennysheep_generic_room_4,
          uniq_edmund

Skill      XL: |  1  2  3  4  5  6  7 |
---------------+----------------------+-----
Conjurations   | 2 3 4 5 |  5.2
Fire Magic     | 4 5 6 |  6.2
Spellcasting   | 4 5 6 7 |  7.0
Armour         | 1 |  1.5
Dodging        | |  2.4
Stealth        | |  2.4

Action                   |  1- 3 |  4- 6 |  7- 9 || total
-------------------------+-------+-------+-------++-------
Melee: Dagger            |       |     2 |     9 ||    11
       Punch             |       |     1 |       ||     1
 Cast: Foxfire           |   121 |   176 |    55 ||   352
  Use: Scroll            |       |     6 |     1 ||     7
       Potion            |       |     1 |       ||     1
Armor: Robe              |     2 |    14 |    14 ||    30
Dodge: Dodged            |     3 |    55 |    18 ||    76
